 Dungeon Crawl Stone Soup version 0.30-a0-373-gd37427bb62 (webtiles) character file.

Game seed: 15068437127075148682

48 qeuew the Trooper (level 3, -2/29 HPs)
             Began as a Demonspawn Monk on Nov 24, 2022.
             Slain by Jessica
             ... wielding a +1 dagger of electrocution
              (5 damage)
             ... on level 2 of the Dungeon.
             The game lasted 00:02:02 (1012 turns).

qeuew the Trooper (Demonspawn Monk)                 Turns: 1012, Time: 00:02:02

Health: -2/29      AC: 11    Str: 13    XL:     3   Next: 50%
Magic:  3/3        EV:  6    Int: 11    God:
Gold:   91         SH:  0    Dex: 15    Spells: 2/2 levels left

rFire   . . .      SeeInvis .    a - +0 hand axe
rCold   . . .      Faith    .    (no shield)
rNeg    . . .      Spirit   .    c - +3 chain mail
rPois   .          Reflect  .    (no helmet)
rElec   .          Harm     .    (no cloak)
rCorr   .          Rampage  .    (no gloves)
Will    +....                    (no boots)
Stlth   ..........               (no amulet)
HPRegen 0.24/turn                b - ring of willpower
MPRegen 0.08/turn                (no ring)

@: no status effects
A: weakness stinger 2
a: no special abilities


You were on level 2 of the Dungeon.
You visited 1 branch of the dungeon, and saw 2 of its levels.

You collected 91 gold pieces.

Inventory:

Hand Weapons
 a - a +0 hand axe (weapon)
Armour
 c - a +3 chain mail (worn)
Jewellery
 b - a ring of willpower (left hand)
Potions
 d - a potion of flight


   Skills:
 + Level 3.4 Fighting
 + Level 3.1 Axes
 + Level 1.1 Armour
 + Level 3.1 Dodging
 - Level 1.7 Stealth


You had 2 spell levels left.
You didn't know any spells.
Your spell library contained the following spells:

 Spells                   Type           Power      Damage    Failure   Level
 Shock                    Conj/Air       0%         1d3       100%        1
 Ignite Poison            Fire/Tmut/Pois 0%         N/A       100%        3
 Kindle Blastsparks       Fire/Tloc/Air  0%         2d10      100%        3
 Swiftness                Air            0%         N/A       100%        3
 Airstrike                Air            0%         2d(0-16)  100%        4
 Freezing Cloud           Conj/Ice/Air   0%         6-21      100%        5


Dungeon Overview and Level Annotations

Branches:
Dungeon (2/15)

Altars:

Annotations:
D:2 Jessica


Innate Abilities, Weirdness & Mutations

You have a tail ending in a sharp stinger.


Message History

Found a stone staircase leading up.
A goblin comes into view. It is wielding a +0 club.
The ball python bites you. The ball python grabs you.
The ball python constricts you.
There is an escape hatch in the ceiling here.
You barely miss the ball python. You tail-slap the ball python.
You kill the ball python!
You closely miss the goblin. The goblin barely misses you.
You closely miss the goblin.
Your tail-slap misses the goblin.
The goblin hits you with a +0 club.
You hit the goblin.
The goblin is severely wounded.
The goblin hits you with a +0 club.
You hit the goblin.
You kill the goblin!
No target in view!
No target in view!
No target in view!
Jessica the Apprentice Sorceress comes into view.
She is wielding a +1 dagger of electrocution.
Jessica is nearby!
Jessica is nearby!
Jessica gestures wildly while chanting.
Jessica seems to speed up.
You hear an angry hiss.
You barely miss Jessica. Jessica hits you but does no damage. x2
You hit Jessica.
Jessica is heavily wounded.
Jessica hits you but does no damage.
You are electrocuted!
Ouch! That really hurt!
Jessica gestures at you while chanting. Pain shoots through your body!
* * * LOW HITPOINT WARNING * * *
Okay, then.
You aren't carrying any scrolls.
Unknown command.
You closely miss Jessica.
Your tail-slap misses Jessica.
Jessica is heavily wounded.
Jessica hits you but does no damage.
Jessica hits you with a +1 dagger of electrocution.
You die...

###############
#.............#
#.#####.#######
#.# #.# #@# #.#
#@# #.# ..#
#.### ##.#
#...#
#.#######.#
#.##......#
..##.######
#.##.# ##+##.#


You could see Jessica (fast).

Vanquished Creatures
  A gnoll (D:1)
  An adder (D:2)
  A dart slug (D:2)
  3 bats
  3 endoplasms
  A hobgoblin (D:1)
  2 kobolds (D:1)
  2 quokkas (D:1)
  5 ball pythons
  2 frilled lizards
  4 goblins
  3 rats
28 creatures vanquished.

Notes
Turn   | Place    | Note
-------+----------+-------------------------------------------
     0 | D:1      | qeuew the Demonspawn Monk began the quest for the Orb.
     0 | D:1      | Reached XP level 1. HP: 18/18 MP: 1/1
   196 | D:1      | Gained mutation: You have a small tail. [demonic ancestry]
   196 | D:1      | Reached XP level 2. HP: 10/24 MP: 2/2
   361 | D:1      | You fall into a shaft and drop 1 floor!
   535 | D:1      | Reached skill level 1 in Armour
   606 | D:1      | Gained mutation: You have a tail ending in a sharp stinger.
                  | [demonic ancestry]
   606 | D:1      | Reached XP level 3. HP: 29/29 MP: 3/3
  1006 | D:2      | Noticed Jessica
  1012 | D:2      | Slain by Jessica

Illustrated notes

Levels and vault maps discovered:
D:1:      dpeg_arrival_renting, layout_rooms
D:2:      layout_basic, uniq_jessica

Skill      XL: |  1  2 |
---------------+-------+-----
Dodging        | 3 |  3.1
Axes           | 3 |  3.1
Armour         | 1 |  1.1
Fighting       | |  3.4
Stealth        | |  1.7

Action                   || total
-------------------------++-------
Melee: Hand axe          ||    84
       Tailslap          ||     9
  Use: Potion            ||     4
       Scroll            ||     1
 Stab: Sleeping          ||     2
Armor: Robe              ||    15
       Chain mail        ||    31
Dodge: Dodged            ||    51

Table legend: (Time is in decaauts)
 A = Elapsed time spent in this place.
 B = Non-inter-level travel time spent in this place.
 C = Inter-level travel time spent in this place.
 D = Time resting spent in this place.
 E = Time spent auto-exploring this place.
 F = Levels seen in this place.
 G = Mean time per level.
                   A        B        C        D        E       F      G
               +--------+--------+--------+--------+--------+-----+--------+
         Total |   1010 |   1000 |     10 |      0 |    772 |   2 |  505.0 |
       Dungeon |   1010 |   1000 |     10 |      0 |    772 |   2 |  505.0 |
               +--------+--------+--------+--------+--------+-----+--------+

Top non-repeatable levels by time:
     D:1: 776 daAuts
     D:2: 234 daAuts
